 Dungeon Crawl Stone Soup version 0.17-a0-1409-ge6d9485 (webtiles) character file.

49 urechis the Poker (level 3, -4/27 HPs)
             Began as a Merfolk Skald on June 22, 2015.
             Slain by a gnoll
             ... wielding a +0 halberd
              (9 damage)
             ... on level 1 of the Dungeon.
             The game lasted 00:02:37 (983 turns).

urechis the Poker (Merfolk Skald)                    Turns: 983, Time: 00:02:37

Health: -4/27      AC:  4    Str: 12    XL:     3   Next: 75%
Magic:  6/6        EV: 11    Int: 11    God:
Gold:   84         SH:  0    Dex: 14    Spells: 1 memorised, 5 levels left

rFire  . . .     SeeInvis .     a - +0 spear
rCold  . . .     Clarity  .     b - +0 leather armour
rNeg   . . .     SustAt   .     (no shield)
rPois  .         Gourm    .     (no helmet)
rElec  .         Spirit   .     (no cloak)
rCorr  .         Warding  .     e - +0 pair of gloves
rMut   .         Stasis   .     (no boots)
MR     .....                    (no amulet)
Stlth  +.........               (no ring)
                                (no ring)

@: not resistant to hostile enchantments, very unstealthy
A: change form in water, swift swim
a: no special abilities


You were on level 1 of the Dungeon.
You were not hungry.

You visited 1 branch of the dungeon, and saw 2 of its levels.

You collected 84 gold pieces.

Inventory:

Hand weapons
 a - a +0 spear (weapon)
Armour
 b - a +0 leather armour (worn)
 e - a +0 pair of gloves (worn)
Scrolls
 f - a scroll of random uselessness {unknown}
 g - a scroll of teleportation {unknown}
 i - a scroll of identify {unknown}
Potions
 h - a potion of flight {unknown}
Books
 c - a book of Battle

   Spells                             Type                      Level
   a - Infusion                       Charms                       1
   b - Shroud of Golubria             Charms/Translocation         2
   c - Song of Slaying                Charms                       2
   d - Spectral Weapon                Hexes/Charms                 3
   e - Regeneration                   Charms/Necromancy            3
Comestibles
 d - a bread ration


   Skills:
 - Level 2.1 Fighting
 + Level 5.8 Polearms
 - Level 0.6 Armour
 - Level 1.3 Dodging
 - Level 2.0 Spellcasting
 - Level 3.2 Charms


You had 5 spell levels left.
You knew the following spells:

 Your Spells              Type           Power        Failure   Level  Hunger
a - Infusion              Chrm           #.....       12%         1    ##.....


Dungeon Overview and Level Annotations

Branches:
Dungeon (2/15)

Altars:


Message History

Attack whom?
Press: ? - help, Dir - move target cursor, f/p - gnoll
Aim: a gnoll, wielding a halberd (lightly wounded)
You reach to attack!
You hit the gnoll.
The gnoll is heavily wounded.
Attack whom?
Press: ? - help, Dir - move target cursor, f/p - gnoll
Aim: a gnoll, wielding a halberd (heavily wounded)
You reach to attack!
You hit the gnoll.
The gnoll is severely wounded.
The gnoll barely misses you. The gnoll hits you but does no damage.
Attack whom?
Press: ? - help, Dir - move target cursor, f/p - gnoll
Aim: a gnoll, wielding a halberd (severely wounded)
You reach to attack!
You hit the gnoll but do no damage.
The gnoll is severely wounded.
The gnoll hits you from afar with a spear.
* * * LOW HITPOINT WARNING * * *
The gnoll hits you from afar with a halberd!
You die...

#..............#.......
#..............#.......
####........#+##.....รท.
#.##................
#.##..####.##.......
###.##..##...##.......
###...##gg##.#.#..#.....
#...####>.).............
#...'..@#.##.#...#......
#...###.#....#...#......
#.....#.#.#..#####......
#.......###.............
#...#.....#.#######.....
#...#####.#.# #.....
##### #....### #####.
###....[.###### #.
#.............# #.


You could see 2 gnolls.

Vanquished Creatures
  2 adders (D:2)
  A worm (D:1)
  3 giant cockroaches (D:1)
  5 goblins (D:1)
  3 hobgoblins (D:2)
  A jackal (D:1)
  2 kobolds (D:1)
  A ball python (D:1)
  2 bats
  2 giant newts (D:1)
  8 rats (D:1)
30 creatures vanquished.

Notes
Turn   | Place    | Note
--------------------------------------------------------------
     0 | D:1      | urechis the Merfolk Skald began the quest for the Orb.
     0 | D:1      | Reached XP level 1. HP: 16/16 MP: 3/3
   218 | D:1      | Reached skill level 4 in Polearms
   218 | D:1      | Reached XP level 2. HP: 20/22 MP: 5/5
   654 | D:1      | Reached skill level 5 in Polearms
   654 | D:1      | Reached XP level 3. HP: 25/27 MP: 0/6
   699 | D:2      | Found a faded altar to an unknown god.
   983 | D:1      | Slain by a gnoll

Vault maps used:
D:1:      dpeg_arrival_tiny_j
D:2:      nicolae_overflow_hidden_temple, ecumenical_altar_1,
          nicolae_qazlal_general_emergency, uniq_robin

Action                   || total
-------------------------++-------
Melee: Spear             ||   118
 Cast: Infusion          ||     1
